APL (24 & UNDER)
SCOTTSDALE SCORPIONS @ EL PASO TEXANS
05/28/2028
 
TOP OF THE 1ST
Scottsdale Scorpions batting - Pitching for El Paso Texans : RHP George Floyd
Pitching: RHP George Floyd
Batting: RHB Jaime Delgado 0-0: Foul Ball, location: 2F
0-1: Ball
1-1: Ground out 4-3 (Groundball, 4)
Batting: RHB Sergio Domínguez 0-0: Ground out U3 (Groundball, 3S)
Batting: RHB Brian Stewart 0-0: Ball
1-0: Ball
2-0: Swinging Strike
2-1: Called Strike
2-2: Strikes out looking
Top of the 1st over - 0 run(s), 0 hit(s), 0 error(s), 0 left on base; Scottsdale 0 - El Paso 0
BOTTOM OF THE 1ST
El Paso Texans batting - Pitching for Scottsdale Scorpions : RHP Alejandro Guzmán
Pitching: RHP Alejandro Guzmán
Batting: LHB William Foley 0-0: Ball
1-0: Fly out, F9 (Flyball, 89S)
Batting: RHB Andrew O'Dell 0-0: Fly out, F7 (Line Drive, 7)
Batting: RHB Marvin Johnson 0-0: Swinging Strike
0-1: Ball
1-1: Swinging Strike
1-2: DOUBLE (Flyball, 9LM)
Batting: SHB Jeffery Ivey 0-0: Ball
1-0: Swinging Strike
1-1: Swinging Strike
1-2: Strikes out swinging
Bottom of the 1st over - 0 run(s), 1 hit(s), 0 error(s), 1 left on base; Scottsdale 0 - El Paso 0
TOP OF THE 2ND
Scottsdale Scorpions batting - Pitching for El Paso Texans : RHP George Floyd
Batting: LHB José Garza 0-0: Called Strike
0-1: Foul Ball, location: 2F
0-2: Ball
1-2: Ground out 1-3 (Groundball, P)
Batting: RHB Steve Boyer 0-0: Swinging Strike
0-1: Ball
1-1: Foul Ball, location: 2F
1-2: Foul Ball, location: 2F
1-2: Ball
2-2: Ground out U3 (Groundball, 34)
Batting: SHB Luis López 0-0: Ball
1-0: Ground out 5-3 (Groundball, 5L)
Top of the 2nd over - 0 run(s), 0 hit(s), 0 error(s), 0 left on base; Scottsdale 0 - El Paso 0
BOTTOM OF THE 2ND
El Paso Texans batting - Pitching for Scottsdale Scorpions : RHP Alejandro Guzmán
Batting: SHB Richie Gallegos 0-0: Ball
1-0: DOUBLE (Line Drive, 7LM)
Batting: RHB Cole Boehmer 0-0: Ball
1-0: Ball
2-0: Foul Ball, location: 2F
2-1: Foul Ball, location: 2F
2-2: Ball
3-2: Ground out 5-3 (Groundball, 5)
Batting: LHB Dave Tucker 0-0: Ball
1-0: Ball
2-0: Foul Ball, location: 2F
2-1: Ball
3-1: Called Strike
3-2: Strikes out swinging
Batting: RHB Domingo Morales 0-0: Ball
1-0: Fly out, F6 (Popup, 5D)
Bottom of the 2nd over - 0 run(s), 1 hit(s), 0 error(s), 1 left on base; Scottsdale 0 - El Paso 0
TOP OF THE 3RD
Scottsdale Scorpions batting - Pitching for El Paso Texans : RHP George Floyd
Batting: SHB Walton Locke 0-0: Called Strike
0-1: Fly out, F6 (Line Drive, 6)
Batting: RHB Robinson Fernández 0-0: Ball
1-0: Swinging Strike
1-1: Ball
2-1: Foul Ball, location: 2F
2-2: Ball
3-2: Strikes out swinging
Batting: RHB Dave MacGruder 0-0: Called Strike
0-1: Swinging Strike
0-2: Ball
1-2: Foul Ball, location: 2F
1-2: Ball
2-2: Strikes out looking
Top of the 3rd over - 0 run(s), 0 hit(s), 0 error(s), 0 left on base; Scottsdale 0 - El Paso 0
BOTTOM OF THE 3RD
El Paso Texans batting - Pitching for Scottsdale Scorpions : RHP Alejandro Guzmán
Batting: LHB Cipriano Rangel 0-0: Called Strike
0-1: Called Strike
0-2: Ball
1-2: Foul Ball, location: 2F
1-2: Reached via error on a dropped throw, E1
Batting: LHB William Foley 0-0: Foul Ball, location: 2F
0-1: Ball
1-1: Swinging Strike
1-2: SINGLE (Line Drive, 56)
Cipriano Rangel to second
Batting: RHB Andrew O'Dell 0-0: Called Strike
0-1: Ground out 5-3 (Groundball, 56S)
Cipriano Rangel to third
William Foley to second
Batting: RHB Marvin Johnson 0-0: Ball
1-0: Called Strike
1-1: Foul Ball, location: 2F
1-2: Ball
2-2: Ground out 4-3 (Groundball, 4M)
Cipriano Rangel scores
William Foley to third
Batting: SHB Jeffery Ivey 0-0: SINGLE (Flyball, 9LM)
William Foley scores
Batting: SHB Richie Gallegos 0-0: Called Strike
0-1: Ball
1-1: Ball
2-1: Ball
3-1: Foul Ball, location: 2F
3-2: Strikes out swinging
Bottom of the 3rd over - 2 run(s), 2 hit(s), 1 error(s), 1 left on base; Scottsdale 0 - El Paso 2
TOP OF THE 4TH
Scottsdale Scorpions batting - Pitching for El Paso Texans : RHP George Floyd
Batting: RHB Jaime Delgado 0-0: Foul Ball, location: 2F
0-1: Ball
1-1: Ball
2-1: Swinging Strike
2-2: Fly out, F4 (Popup, 4)
Batting: RHB Sergio Domínguez 0-0: Ball
1-0: Swinging Strike
1-1: Swinging Strike
1-2: Ball
2-2: Foul Ball, location: 2F
2-2: Strikes out swinging
Batting: RHB Brian Stewart 0-0: Fly out, F9 (Line Drive, 9)
Top of the 4th over - 0 run(s), 0 hit(s), 0 error(s), 0 left on base; Scottsdale 0 - El Paso 2
BOTTOM OF THE 4TH
El Paso Texans batting - Pitching for Scottsdale Scorpions : RHP Alejandro Guzmán
Batting: RHB Cole Boehmer 0-0: Swinging Strike
0-1: Ball
1-1: Fly out, F9 (Line Drive, 9LS)
Batting: LHB Dave Tucker 0-0: Called Strike
0-1: Ball
1-1: SINGLE (Groundball, 4MD)
Batting: RHB Domingo Morales 0-0: Fielders Choice at 2nd, 6-4 (Groundball, 6)
Batting: LHB Cipriano Rangel 0-0: Ball
1-0: Fly out, F1 (Line Drive, 13S)
Bottom of the 4th over - 0 run(s), 1 hit(s), 0 error(s), 1 left on base; Scottsdale 0 - El Paso 2
TOP OF THE 5TH
Scottsdale Scorpions batting - Pitching for El Paso Texans : RHP George Floyd
Batting: LHB José Garza 0-0: Called Strike
0-1: Ball
1-1: Called Strike
1-2: Ball
2-2: Strikes out looking
Batting: RHB Steve Boyer 0-0: DOUBLE (Line Drive, 89XD)
Batting: SHB Luis López 0-0: Called Strike
0-1: Swinging Strike
0-2: Strikes out looking
Batting: SHB Walton Locke 0-0: Ground out 6-3 (Groundball, 6)
Top of the 5th over - 0 run(s), 1 hit(s), 0 error(s), 1 left on base; Scottsdale 0 - El Paso 2
BOTTOM OF THE 5TH
El Paso Texans batting - Pitching for Scottsdale Scorpions : RHP Alejandro Guzmán
Batting: LHB William Foley 0-0: Ground out 4-3 (Groundball, 4M)
Batting: RHB Andrew O'Dell 0-0: Ball
1-0: Ground out 5-3 (Groundball, 56)
Batting: RHB Marvin Johnson 0-0: Ball
1-0: Ground out 6-3 (Groundball, 6)
Bottom of the 5th over - 0 run(s), 0 hit(s), 0 error(s), 0 left on base; Scottsdale 0 - El Paso 2
TOP OF THE 6TH
Scottsdale Scorpions batting - Pitching for El Paso Texans : RHP George Floyd
Batting: RHB Robinson Fernández 0-0: Swinging Strike
0-1: Swinging Strike
0-2: Ball
1-2: Strikes out swinging
Batting: RHB Dave MacGruder 0-0: Ball
1-0: Ball
2-0: Ground out 4-3 (Groundball, 4)
Batting: RHB Jaime Delgado 0-0: Ball
1-0: Ball
2-0: Ball
3-0: Base on Balls
Batting: RHB Sergio Domínguez 0-0: Called Strike
0-1: Called Strike
0-2: Fielders Choice at 2nd, 6-4 (Groundball, 6)
Top of the 6th over - 0 run(s), 0 hit(s), 0 error(s), 0 left on base; Scottsdale 0 - El Paso 2
BOTTOM OF THE 6TH
El Paso Texans batting - Pitching for Scottsdale Scorpions : RHP Alejandro Guzmán
Batting: SHB Jeffery Ivey 0-0: DOUBLE (Groundball, 3L)
Batting: SHB Richie Gallegos 0-0: Foul Ball, location: 2F
0-1: Called Strike
0-2: Ground out 5-3 (Groundball, 56S)
Jeffery Ivey to third
Batting: RHB Cole Boehmer 0-0: Foul Ball, location: 2F
0-1: Foul Ball, location: 2F
0-2: Ball
1-2: Foul Ball, location: 2F
1-2: Fly out, F7 (Flyball, 7)
Runner from 3rd tags up, SCORES, no throw
Batting: LHB Dave Tucker 0-0: Ball
1-0: Ball
2-0: Ball
3-0: Called Strike
3-1: Called Strike
3-2: Foul Ball, location: 2F
3-2: SINGLE (Groundball, 34D)
Batting: RHB Domingo Morales 0-0: Ball
1-0: SINGLE (Line Drive, 6M)
Dave Tucker to second
Batting: LHB Cipriano Rangel 0-0: Ball
1-0: Foul Ball, location: 2F
1-1: Ball
2-1: Fly out, F3 (Popup, 3D)
Bottom of the 6th over - 1 run(s), 3 hit(s), 0 error(s), 2 left on base; Scottsdale 0 - El Paso 3
TOP OF THE 7TH
Scottsdale Scorpions batting - Pitching for El Paso Texans : RHP George Floyd
Batting: RHB Brian Stewart 0-0: Swinging Strike
0-1: Called Strike
0-2: Ball
1-2: Strikes out looking
Batting: LHB José Garza 0-0: Ball
1-0: Foul Ball, location: 2F
1-1: Foul Ball, location: 2F
1-2: Ground out 6-3 (Groundball, 6)
Batting: RHB Steve Boyer 0-0: Foul Ball, location: 2F
0-1: Ball
1-1: Foul Ball, location: 2F
1-2: SINGLE (Line Drive, 6MD)
Batting: SHB Luis López 0-0: Swinging Strike
0-1: Foul Ball, location: 2F
0-2: Ball
1-2: Strikes out looking
Top of the 7th over - 0 run(s), 1 hit(s), 0 error(s), 1 left on base; Scottsdale 0 - El Paso 3
BOTTOM OF THE 7TH
El Paso Texans batting - Pitching for Scottsdale Scorpions : RHP Alejandro Guzmán
Pitching: LHP António Rodríguez
Batting: LHB William Foley 0-0: Ground out U3 (Groundball, 3)
Batting: RHB Andrew O'Dell 0-0: Ball
1-0: SOLO HOME RUN (Flyball, 7D), Distance : 415 ft
Batting: RHB Marvin Johnson 0-0: Ball
1-0: Ball
2-0: Called Strike
2-1: Foul Ball, location: 2F
2-2: Ball
3-2: Base on Balls
Batting: SHB Jeffery Ivey 0-0: Fielders Choice at 2nd, 6-4 (Groundball, 6)
Batting: SHB Richie Gallegos 0-0: Ball
1-0: Ball
2-0: 2-RUN HOME RUN (Flyball, 7D), Distance : 418 ft
Batting: RHB Cole Boehmer 0-0: Fly out, F8 (Flyball, 8LD)
Bottom of the 7th over - 3 run(s), 2 hit(s), 0 error(s), 0 left on base; Scottsdale 0 - El Paso 6
TOP OF THE 8TH
Scottsdale Scorpions batting - Pitching for El Paso Texans : RHP George Floyd
Pitching: LHP Al Atkins
Now in LF: Roberto Félix
Batting: SHB Walton Locke 0-0: Ball
1-0: Ground out U3 (Groundball, 34)
Batting: RHB Robinson Fernández 0-0: Called Strike
0-1: Foul Ball, location: 2F
0-2: Ground out 6-3 (Groundball, 6)
Batting: RHB Dave MacGruder 0-0: Ball
1-0: Called Strike
1-1: Ball
2-1: Called Strike
2-2: Ball
3-2: Strikes out swinging
Top of the 8th over - 0 run(s), 0 hit(s), 0 error(s), 0 left on base; Scottsdale 0 - El Paso 6
BOTTOM OF THE 8TH
El Paso Texans batting - Pitching for Scottsdale Scorpions : LHP António Rodríguez
Batting: LHB Dave Tucker 0-0: Ball
1-0: Ball
2-0: Called Strike
2-1: Foul Ball, location: 2F
2-2: Foul Ball, location: 2F
2-2: Strikes out swinging
Batting: RHB Domingo Morales 0-0: Swinging Strike
0-1: Foul Ball, location: 2F
0-2: Foul Ball, location: 2F
0-2: Ball
1-2: Foul Ball, location: 2F
1-2: Foul Ball, location: 2F
1-2: SINGLE (Groundball, 6MD)
Batting: LHB Cipriano Rangel 0-0: Ball
1-0: Ball
2-0: Ball
3-0: Called Strike
3-1: Called Strike
3-2: Strikes out swinging
Batting: LHB William Foley 0-0: Ball
Pickoff Throw to First - Error! E1
Domingo Morales to second
1-0: Called Strike
1-1: Ball
2-1: Ball
3-1: Base on Balls
Batting: RHB Andrew O'Dell 0-0: Fly out, F8 (Line Drive, 8LS)
Bottom of the 8th over - 0 run(s), 1 hit(s), 1 error(s), 2 left on base; Scottsdale 0 - El Paso 6
TOP OF THE 9TH
Scottsdale Scorpions batting - Pitching for El Paso Texans : LHP Al Atkins
Batting: RHB Jaime Delgado 0-0: Foul Ball, location: 2F
0-1: Ball
1-1: Called Strike
1-2: Strikes out swinging
Batting: RHB Sergio Domínguez 0-0: Ball
1-0: Ball
2-0: Foul Ball, location: 2F
2-1: Called Strike
2-2: Ball
3-2: Base on Balls
Batting: RHB Brian Stewart 0-0: Ball
1-0: Called Strike
1-1: Foul Ball, location: 2F
1-2: Ball
2-2: Ball
3-2: Base on Balls
Sergio Domínguez to second
Batting: LHB José Garza 0-0: Fielders Choice at 2nd, 6-4 (Groundball, 56D)
Sergio Domínguez to third
Batting: RHB Steve Boyer 0-0: Swinging Strike
0-1: Ball
1-1: Called Strike
1-2: Ground out 3-1 (Groundball, 34S)
Top of the 9th over - 0 run(s), 0 hit(s), 0 error(s), 2 left on base; Scottsdale 0 - El Paso 6
Tuesday, August 8th, 2017 - OOTP Baseball 17.12 Build 75